 Dungeon Crawl Stone Soup version 0.30.1-4-g462c640d31 (webtiles) character file.

Game seed: 13870562675317738164

1114 Sanktem7 the Chopper (level 8, -4/70 HPs)
             Began as a Minotaur Fighter on Aug 22, 2023.
             Slain by Duvessa
             ... wielding a +0 short sword of protection
              (13 damage)
             ... on level 5 of the Dungeon.
             The game lasted 00:06:58 (4127 turns).

Sanktem7 the Chopper (Minotaur Fighter)             Turns: 4127, Time: 00:06:59

Health: -4/70      AC: 10    Str: 23    XL:     8   Next: 12%
Magic:  7/7        EV:  9    Int:  5    God:
Gold:   134        SH:  5    Dex: 10    Spells: 7/7 levels left

rFire   + . .        j - +0 broad axe {axe}
rCold   . . .        c - +0 buckler
rNeg    . . .        b - +0 scale mail
rPois   .            (helmet restricted)
rElec   .            (no cloak)
rCorr   .            r - +1 pair of gloves
SInv    .            (no boots)
Will    .....        (no amulet) Stlth
                     A - ring of protection from fire
HPRegen 0.31/turn    (no ring)
MPRegen 0.10/turn

%: no passive effects
@: no status effects
A: horns 2, retaliatory headbutt
a: no special abilities


You were on level 5 of the Dungeon.
You visited 1 branch of the dungeon, and saw 5 of its levels.

You collected 362 gold pieces.
You spent 228 gold pieces at shops.


Innate Abilities, Weirdness & Mutations

You have a pair of horns on your head.
You reflexively headbutt those who attack you in melee.


   Skills:
 + Level 6.2 Fighting
 * Level 7.6 Axes
 + Level 6.3 Armour
 + Level 6.2 Shields


You had 7 spell levels left.
You didn't know any spells.
Your spell library contained the following spells:

 Spells                   Type           Power      Damage    Failure   Level
 Magic Dart               Conj           0%         1d3       83%         1
 Call Imp                 Summ           0%         N/A       92%         2
 Call Canine Familiar     Summ           0%         N/A       99%         3
 Mephitic Cloud           Conj/Pois/Air  0%         N/A       99%         3
 Portal Projectile        Hex/Tloc       0%         N/A       99%         3
 Tukima's Dance           Hex            0%         N/A       99%         3
 Leda's Liquefaction      Hex/Erth       0%         N/A       100%        4
 Blade Hands              Tmut           0%         N/A       100%        5

Inventory:

Hand Weapons
 j - a +0 broad axe (weapon) {axe}
   (You bought it in a shop on level 1 of the Dungeon)
 x - the +5 whip of Qoc Lood {freeze, Stlth+, mace}
   (You found it on level 4 of the Dungeon)

   Stlth:     It makes you more stealthy.
 D - a +7 dire flail {mace}
   (You took it off Edmund on level 5 of the Dungeon)
 F - a +1 short sword of electrocution {short}
   (You took it off a kobold brigand on level 5 of the Dungeon)
 G - a +4 whip {mace}
   (You took it off a kobold on level 5 of the Dungeon)
Missiles
 h - 37 stones (quivered) {throwing}
 p - 5 javelins {throwing}
 E - 25 poisoned darts {throwing}
Armour
 b - a +0 scale mail (worn)
 c - a +0 buckler (worn)
 r - a +1 pair of gloves (worn)
   (You found it on level 3 of the Dungeon)
Magical Staves
 w - a staff of fire {!astaff}
   (You found it on level 4 of the Dungeon)
Jewellery
 A - a ring of protection from fire (left hand)
   (You found it on level 4 of the Dungeon)
Wands
 y - a wand of flame (14)
   (You took it off Ijyb on level 4 of the Dungeon)
Scrolls
 f - 6 scrolls of identify {unknown}
 g - a scroll of torment {unknown}
 k - a scroll of fog {unknown}
 m - a scroll of poison {unknown}
 n - a scroll of immolation {unknown}
 q - 2 scrolls of fear {unknown}
 s - 3 scrolls of teleportation {unknown}
 t - a scroll of enchant armour {unknown}
Potions
 a - a potion of degeneration {unknown}
 d - a potion of might
 e - a potion of magic {unknown}
 i - 3 potions of mutation {unknown}
 l - a potion of brilliance {unknown}
 o - a potion of flight {unknown}
 u - 2 potions of lignification {unknown}
 v - a potion of invisibility
 z - a potion of ambrosia {unknown}
 B - a potion of resistance {unknown}
 C - 4 potions of curing {@q1}

Dungeon Overview and Level Annotations

Branches:
Dungeon (5/15) Zot: 25743
 Temple: D:4-7

Altars:
Trog
Uskayaw

Shops:
D:1 (   D:5 (?!

Annotations:
D:5 Duvessa

#..)♣.###♣.## ######
#.).♣###P..# #....#
#♣...####..##
#....###....##..### .
#.....#...####.P##....
#......)..##.......#
###..))#........######
.......########.#####...
##....)# #)@e....#
......)# #########
##.....# ...)#### ###.#
..#.# ..#.#### #.#....#
..#....#


You could see Duvessa (berserk).


Message History

Things that are here:
a +0 dagger {short}; a +0 dagger {short}; a kobold corpse You see here a +0 short sword {short}.
Things that are here:
a +0 dagger {short}; a +0 robe; a kobold skeleton
h - 29 stones {throwing} (gained 1)
E - 25 poisoned darts {throwing} (gained 6)
F - a +1 short sword of electrocution {short}
Things that are here:
a +0 dagger {short}; a kobold skeleton
q - 2 scrolls labelled EWNIJOBL UHEOFOKO (gained 1)
h - 34 stones {throwing} (gained 5);
G - a +4 whip {mace}
Things that are here:
a +0 dagger {short}; a kobold skeleton
h - 37 stones {throwing} (gained 3)
Things that are here:
a +0 dagger {short}; a +0 dagger {short}; a kobold skeleton
Things that are here:
a +0 dagger {short}; a kobold skeleton
Things that are here:
a +0 dagger {short}; a kobold skeleton Key pressed, stopping explore.
Duvessa and Dowan come into view.
Duvessa is wielding a +0 short sword of protection, wearing a +1 ring mail of willpower and carrying a wand of flame (13).
Dowan shouts!
Dowan mumbles some strange words.
Dowan blinks!
You slash Dowan! Dowan barely misses you. You furiously retaliate!
You headbutt Dowan! You slash Dowan!
You kill Dowan!
Duvessa screams in rage.
Duvessa goes berserk!
Duvessa hits you with a +0 short sword of protection. 😕 HP[-3]
You take 3 damage, and now have 67/70 hp.
You hit Duvessa.
Duvessa hits you with a +0 short sword of protection. 😕 HP[-6]
You take 6 damage, and now have 61/70 hp.
You barely miss Duvessa. Duvessa closely misses you. You furiously retaliate!
You headbutt Duvessa, but do no damage. You block Duvessa's attack. 😕 HP[+1]
You slash Duvessa!
Duvessa hits you with a +0 short sword of protection.
You block Duvessa's attack. 😕 HP[-5]
You take 5 damage, and now have 57/70 hp.
You barely miss Duvessa. You headbutt Duvessa! Duvessa barely misses you.
You furiously retaliate!
You headbutt Duvessa.
Duvessa hits you but does no damage. 😕 HP[+1]
You slash Duvessa! You headbutt Duvessa, but do no damage.
Duvessa hits you with a +0 short sword of protection. x2 😮 HP[-6]
You take 6 damage, and now have 52/70 hp.
You are too injured to fight recklessly!
You are too injured to fight recklessly!
You are too injured to fight recklessly!
You are too injured to fight recklessly!
You are too injured to fight recklessly!
You are too injured to fight recklessly!
You are too injured to fight recklessly!
Unknown command.
You completely miss Duvessa. Duvessa closely misses you.
You furiously retaliate!
You headbutt Duvessa, but do no damage.
Duvessa hits you with a +0 short sword of protection. 😮 HP[-6]
You take 6 damage, and now have 46/70 hp.
Unknown command.
You hit Duvessa.
Duvessa hits you with a +0 short sword of protection! x2
* * * LOW HITPOINT WARNING * * *
😨 HP[-19]
You take 19 damage, and now have 27/70 hp.
MASSIVE DAMAGE!! (PAUSE)
You barely miss Duvessa.
Duvessa hits you with a +0 short sword of protection.
* * * LOW HITPOINT WARNING * * *
😨 HP[-1]
You take 1 damage, and now have 26/70 hp.
You hit Duvessa but do no damage. You block Duvessa's attack. x2 😨 HP[+1]
You barely miss Duvessa.
Duvessa hits you with a +0 short sword of protection.
* * * LOW HITPOINT WARNING * * *
Duvessa barely misses you.
Duvessa hits you with a +0 short sword of protection!
* * * LOW HITPOINT WARNING * * *
😱 HP[-18]
You take 18 damage, and now have 9/70 hp.
MASSIVE DAMAGE!! (PAUSE)
You hit Duvessa but do no damage. Your headbutt misses Duvessa.
Duvessa hits you with a +0 short sword of protection.
* * * LOW HITPOINT WARNING * * *
😱 HP[-1]
You take 1 damage, and now have 8/70 hp.
You closely miss Duvessa. You block Duvessa's attack.
Duvessa hits you with a +0 short sword of protection!
You die...

Skill      XL: |  1  2  3  4  5  6  7 |
---------------+----------------------+-----
Axes           | 3 4 5 6 7 |  7.6
Fighting       | 4 5 6 |  6.2
Armour         | 4 5 6 |  6.3
Shields        | 4 5 6 |  6.2

Action                     |  1- 3 |  4- 6 |  7- 9 || total
---------------------------+-------+-------+-------++-------
  Melee: War axe           |    31 |       |       ||    31
         Headbutt          |     6 |    17 |    11 ||    34
         Broad axe         |    50 |    88 |    61 ||   199
 Armour: Scale mail        |    46 |    43 |    22 ||   111
  Dodge: Dodged            |    38 |    45 |    27 ||   110
  Block: Buckler           |    21 |    19 |    22 ||    62

Levels and vault maps discovered:
D:1:      minmay_arrival_loop, layout_basic, serial_shops,
          nicolae_shop_window_shopping
D:2:      layout_basic, shapermc_ecumenical_altar_gd, guppyfry_early_lair_pool
D:3:      layout_basic, mainiacjoe_overflow_24_doors,
          minmay_misc_feat_four_crosses, uniq_natasha
D:4:      layout_cave_pools, mainiacjoe_overflow_cross_hatched, serial_rivers,
          chequers_serial_rivers_small_3, chequers_serial_rivers_micro_d,
          chequers_serial_rivers_marsh, chequers_serial_rivers_room_a,
          chequers_serial_rivers_micro_e, chequers_serial_rivers_large_a,
          uniq_ijyb
D:5:      kennysheep_kobold_camp, layout_basic, nicolae_qazlal_eye_of_the_storm,
          mainiacjoe_overflow_small_starburst,
          nicolae_shop_distant_corner_stores, minmay_small_thing, uniq_grinder,
          uniq_menkaure, uniq_edmund, uniq_crazy_yiuf_cottage, uniq_duvessa

Notes
Turn   | Place    | Note
-------+----------+-------------------------------------------
     0 | D:1      | Sanktem7 the Minotaur Fighter began the quest for the Orb.
     0 | D:1      | Reached XP level 1. HP: 19/19 MP: 0/0
     0 | D:1      | magus.rc [v1.9.6]
    79 | D:1      | Found Hugosuam's Antique Weapon Shop.
   173 | D:1      | You pick up a book of the Hunter and begin reading...
   173 | D:1      | You add the spells Call Canine Familiar, Portal Projectile
                  | and Leda's Liquefaction to your library.
   216 | D:1      | Reached XP level 2. HP: 27/27 MP: 1/1
   292 | D:1      | Reached skill level 3 in Axes
   334 | D:1      | Bought a broad axe for 60 gold pieces
   647 | D:2      | Reached skill level 4 in Fighting
   647 | D:2      | Reached skill level 4 in Armour
   647 | D:2      | Reached skill level 4 in Shields
   647 | D:2      | Reached XP level 3. HP: 30/33 MP: 2/2
   703 | D:2      | Found a faded altar of an unknown god.
   710 | D:2      | You pick up a book of Weapons and begin reading...
   710 | D:2      | You add the spells Tukima's Dance and Blade Hands to your
                  | library.
   768 | D:2      | magus.rc [v1.9.6]
  1191 | D:3      | You pick up a book of Minor Magic and begin reading...
  1191 | D:3      | You add the spells Magic Dart, Call Imp and Mephitic Cloud
                  | to your library.
  1321 | D:3      | Noticed Natasha
  1327 | D:3      | Killed Natasha
  1328 | D:3      | Reached XP level 4. HP: 33/40 MP: 3/3
  1368 | D:3      | Reached skill level 4 in Axes
  1451 | D:3      | Noticed Natasha
  1463 | D:3      | Killed Natasha
  1464 | D:3      | Reached XP level 5. HP: 37/47 MP: 4/4
  1472 | D:3      | Noticed Natasha
  1478 | D:3      | Killed Natasha
  1813 | D:3      | Found a hide-covered altar of Uskayaw.
  2487 | D:4      | Noticed a phantom
  2488 | D:4      | Found a bloodstained altar of Trog.
  2495 | D:4      | Reached skill level 5 in Axes
  2496 | D:4      | Killed a phantom
  2497 | D:4      | Reached skill level 5 in Fighting
  2497 | D:4      | Reached skill level 5 in Armour
  2497 | D:4      | Reached XP level 6. HP: 35/56 MP: 5/5
  2505 | D:4      | Reached skill level 5 in Shields
  3017 | D:4      | Identified the +5 whip of Qoc Lood {freeze, Stlth+}
  3098 | D:4      | Noticed Ijyb
  3106 | D:4      | Killed Ijyb
  3107 | D:4      | Reached skill level 6 in Axes
  3107 | D:4      | Reached XP level 7. HP: 53/61 MP: 6/6
  3434 | D:5      | Entered Level 5 of the Dungeon
  3434 | D:5      | Found Lodayje's Distillery.
  3434 | D:5      | Found Atruttirr's Magic Scroll Shoppe.
  3434 | D:5      | Found Keuhuo's Antique Weapon Shoppe.
  3436 | D:5      | Bought a potion of curing for 42 gold pieces
  3436 | D:5      | Bought a potion of curing for 42 gold pieces
  3436 | D:5      | Bought a potion of curing for 42 gold pieces
  3436 | D:5      | Bought a potion of curing for 42 gold pieces
  3448 | D:5      | Noticed Edmund
  3459 | D:5      | Killed Edmund
  3703 | D:5      | Noticed Menkaure
  3716 | D:5      | Killed Menkaure
  3738 | D:5      | Noticed Grinder
  3742 | D:5      | Reached skill level 7 in Axes
  3742 | D:5      | Reached skill level 6 in Armour
  3751 | D:5      | HP: 15/62 [poisoned by a kobold]
  3756 | D:5      | HP: 7/62 [poisoned by a kobold]
  3994 | D:5      | Paralysed by Grinder for 3 turns
  4008 | D:5      | Killed Grinder
  4009 | D:5      | Reached skill level 6 in Fighting
  4009 | D:5      | Reached skill level 6 in Shields
  4009 | D:5      | Reached XP level 8. HP: 55/70 MP: 7/7
  4112 | D:5      | Noticed Duvessa
  4112 | D:5      | Noticed Dowan
  4115 | D:5      | Killed Dowan
  4125 | D:5      | HP: 9/70 [Duvessa/+0 short sword of protection (12)]
  4127 | D:5      | Slain by Duvessa

Vanquished Creatures
  Grinder (D:5)
  Menkaure (D:5)
  Edmund (D:5)
  A phantom (D:4)
  A kobold brigand (D:5)
  2 scorpions
  Dowan (D:5)
  2 hounds
  A sleepcap (D:4)
  An orc wizard (D:4)
  Ijyb (D:4)
  Natasha (thrice) (D:3)
  3 iguanas (D:4)
  3 gnolls (D:4)
  2 adders (D:2)
  A worm (D:2)
  A dart slug (D:4)
  8 orcs
  8 ball pythons
  4 bats
  7 endoplasms
  5 giant cockroaches
  9 goblins
  3 hobgoblins
  2 jackals (D:3)
  5 quokkas
  4 frilled lizards
  23 kobolds
  4 rats
108 creatures vanquished.

Table legend:
 A = Non-vault XP
 B = Vault XP
 C = Vault XP percentage of total XP
 D = Non-vault monster count
 E = Vault monster count
 F = Vault count percentage of total count
                 A         B        C        D         E       F
            +---------+---------+-------+---------+---------+-------
      Total |     803 |     789 |  49.6 |      83 |      25 |  23.1
            +---------+---------+-------+---------+---------+-------
        D:1 |      28 |       0 |   0.0 |      18 |       0 |   0.0
        D:2 |      55 |       0 |   0.0 |      17 |       0 |   0.0
        D:3 |     147 |      35 |  19.2 |      19 |       1 |   5.0
        D:4 |     445 |      35 |   7.3 |      27 |       1 |   3.6
        D:5 |     128 |     719 |  84.9 |       2 |      23 |  92.0
            +---------+---------+-------+---------+---------+-------

Skill      XL: |  1  2  3  4  5  6  7 |
---------------+----------------------+-----
Axes           | 3 4 5 6 7 |  7.6
Fighting       | 4 5 6 |  6.2
Armour         | 4 5 6 |  6.3
Shields        | 4 5 6 |  6.2

Action                     |  1- 3 |  4- 6 |  7- 9 || total
---------------------------+-------+-------+-------++-------
  Melee: War axe           |    31 |       |       ||    31
         Headbutt          |     6 |    17 |    11 ||    34
         Broad axe         |    50 |    88 |    61 ||   199
 Armour: Scale mail        |    46 |    43 |    22 ||   111
  Dodge: Dodged            |    38 |    45 |    27 ||   110
  Block: Buckler           |    21 |    19 |    22 ||    62

Illustrated notes

Table legend:
 A = Kills in this place as a percentage of kills in the entire game.
 B = Kills by you in this place as a percentage of kills by you in the entire game.
 C = Kills by friends in this place as a percentage of kills by friends in the entire game.
 D = Other kills in this place as a percentage of other kills in the entire game.
 E = Experience gained in this place as a percentage of experience gained in the entire game.
 F = Experience gained in this place divided by the number of levels of this place that you have seen.
                   A       B       C       D       E      F
               +-------+-------+-------+-------+-------+----------------------
         Total | 100.0 | 100.0 |   N/A |   N/A | 100.0 | 318.4
       Dungeon | 100.0 | 100.0 |   N/A |   N/A | 100.0 | 318.4
               +-------+-------+-------+-------+-------+----------------------

Table legend: (Time is in decaauts)
 A = Elapsed time spent in this place.
 B = Non-inter-level travel time spent in this place.
 C = Inter-level travel time spent in this place.
 D = Time resting spent in this place.
 E = Time spent auto-exploring this place.
 F = Levels seen in this place.
 G = Mean time per level.
                   A        B        C        D        E       F      G
               +--------+--------+--------+--------+--------+-----+--------+
         Total |   4255 |   4140 |    115 |    170 |   3270 |   5 |  851.0 |
       Dungeon |   4255 |   4140 |    115 |    170 |   3270 |   5 |  851.0 |
               +--------+--------+--------+--------+--------+-----+--------+

Top non-repeatable levels by time:
     D:3: 1338 daAuts
     D:4: 1194 daAuts
     D:1: 598 daAuts
     D:2: 596 daAuts
     D:5: 527 daAuts
